 Dungeon Crawl Stone Soup version 0.32-a0-685-g93135e86f0 (webtiles) character file.

Game seed: 12302429584609208011

99 Aldia the Shield-Bearer (level 5, 39/42 HPs)
             Began as a Formicid Fighter on Mar 12, 2024.
             Was a Follower of Beogh.
             Quit the game on level 3 of the Dungeon.
             The game lasted 00:02:26 (1578 turns).

Aldia the Shield-Bearer (Formicid Fighter)          Turns: 1578, Time: 00:02:26

Health: 39/42      AC: 11    Str: 20    XL:     5   Next: 2%
Magic:  5/5        EV:  6    Int:  8    God:    Beogh [*.....]
Gold:   124        SH:  9    Dex: 15    Spells: 4/4 levels left

rFire   . . .        a - +0 quarterstaff
rCold   . . .        i - +0 kite shield
rNeg    . . .        l - +0 chain mail
rPois   .            (helmet unavailable)
rElec   .            k - +1 cloak
rCorr   .            (no gloves)
SInv    +            (no boots)
Will    .....        (no amulet) Stlth
                     (no ring)
HPRegen 0.27/turn    (no ring)
MPRegen 0.09/turn

%: no passive effects
@: no status effects
A: permanent stasis, dig shafts and tunnels, antennae 3, four strong arms
a: Dig, Shaft Self, Renounce Religion


You were on level 3 of the Dungeon.
You worshipped Beogh.
Beogh was aware of your devotion.
You visited 1 branch of the dungeon, and saw 3 of its levels.

You collected 124 gold pieces.

Inventory:

Hand Weapons
 a - a +0 quarterstaff (weapon)
Armour
 b - a +0 scale mail
 c - a +0 buckler
 i - a +0 kite shield (worn)
 k - a +1 cloak (worn)
 l - a +0 chain mail (worn)
Jewellery
 j - a ring of ice
 n - a ring of protection from cold
Scrolls
 f - a scroll of revelation
 m - a scroll of immolation {unknown}
Potions
 d - a potion of might
 e - a potion of brilliance {unknown}
 g - a potion of degeneration {unknown}
 h - a potion of heal wounds {unknown}


   Skills:
 + Level 4.0 Fighting
 * Level 3.5 Staves
 - Level 4.0 Armour
 + Level 4.4 Shields


You had 4 spell levels left.
You didn't know any spells.
Your spell library contained the following spells:

 Spells                   Type           Power      Damage    Failure   Level
 Cigotuvi's Dreadful Rot  Necr/Alch/Air  0%         N/A       100%        2
 Lesser Beckoning         Tloc           0%         N/A       100%        2
 Momentum Strike          Conj/Tloc      0%         3d8       100%        2
 Dispel Undead            Necr           0%         3d6       100%        4
 Martyr's Knell           Necr/Summ      0%         N/A       100%        4
 Blink                    Tloc           Unusable   N/A       N/A         2

Dungeon Overview and Level Annotations

Branches:
Dungeon (3/15)

Altars:
Qazlal
Beogh


Innate Abilities, Weirdness & Mutations

You cannot be hasted, slowed, berserked, paralysed or teleported.
You can dig through walls and to a lower floor.
You have a pair of large antennae on your head. (SInv)
Your four strong arms can wield two-handed weapons with a shield.


Message History

Okay, then.
There is an open door here.
You now have 124 gold pieces (gained 12).
You sense a monster nearby.
A frilled lizard comes into view.
A frilled lizard is nearby!
The frilled lizard bites you but does no damage.
You sock the frilled lizard!
You kill the frilled lizard!
Beogh accepts your kill.
No target in view!
No target in view!
No target in view!
You sense a monster nearby.
n - a ring of protection from cold
Found 9 stones.
A hobgoblin comes into view.
The hobgoblin shouts!
A hobgoblin is nearby!
An orc comes into view. It is wielding a +0 trident.
The orc shouts!
You block the hobgoblin's attack.
You thump the hobgoblin!
You kill the hobgoblin!
Beogh accepts your kill.
Training target 4.0 for Armour reached!
Your Fighting skill increases to level 4!
Your Armour skill increases to level 4!
You have reached level 5!
The orc hits you from afar with a +0 trident.
The orc barely misses you.
You hit the orc.
The orc is moderately wounded.
You block the orc's attack.
You sock the orc!
You kill the orc!
Beogh accepts your kill.
No target in view!
No target in view!
Are you sure you want to abandon this character and quit the game? (Confirm with "yes".)

...##.#................#######.,*
,,,*#,#.###.####..###......# *,,*
,,,,,...{....,.#..# #......# *,,*
,,,,..........,...# #......# *,,*
,*,##.#.###.##*#..# #......# *,,*
**,,..#,* #.# #..###......# *,,*
**,,,,*,**#.#*##..##.......# *,,*
**,,,,*,,,,,,*#............#**,,*
**,,,,+,,,,,,*#.@............,,,,
**,,,,*,,**,,*#).†##..(######*,,*
**,,,,*,,,,............# *,,*
**,,,,*,,*#..##.....#..#******,,*
,,,,,,,,,...,*#.....#....,,,,*,,*
****,,,,,##*,*#.....##....,,,+,,,
,,,,,,,,,* *,*#.....#*....,,,*,,*
*,,,,,,*,* *,*#.....#*,*******,,*
*,,,,,**,***,**,,,,,**,*******,,*


There were no monsters in sight!

Vanquished Creatures
  An iguana (D:2)
  2 adders (D:2)
  3 dart slugs
  An orc (D:3)
  5 bats
  5 endoplasms
  3 goblins
  4 hobgoblins
  3 quokkas (D:1)
  2 ball pythons (D:1)
  5 frilled lizards
  8 kobolds
  4 rats
46 creatures vanquished.

Notes
Turn   | Place    | Note
-------+----------+-------------------------------------------
     0 | D:1      | Aldia the Formicid Fighter began the quest for the Orb.
     0 | D:1      | Reached XP level 1. HP: 18/18 MP: 1/1
   131 | D:1      | Reached XP level 2. HP: 24/24 MP: 2/2
   387 | D:1      | Reached XP level 3. HP: 25/29 MP: 3/3
  1025 | D:2      | Reached XP level 4. HP: 37/37 MP: 4/4
  1120 | D:2      | Identified the +1 ring mail of Lies {Dex+3}
  1424 | D:3      | Found a faded altar of an unknown god.
  1427 | D:3      | Found a stormy altar of Qazlal.
  1450 | D:3      | Prayed at the altar of an unknown god.
  1450 | D:3      | Became a worshipper of Beogh the Shepherd
  1450 | D:3      | Reached * piety under Beogh
  1574 | D:3      | Reached XP level 5. HP: 42/42 MP: 5/5
  1578 | D:3      | Quit the game

Illustrated notes

Levels and vault maps discovered:
D:1:      dpeg_arrival_oval, layout_loops_ring
D:2:      layout_rooms
D:3:      layout_basic, nicolae_overflow_ecumenical_swirl, uniq_jessica

Skill      XL: |  1  2  3  4 |
---------------+-------------+-----
Staves         | 3 |  3.5
Fighting       | 4 |  4.0
Armour         | 4 |  4.0
Shields        | |  4.4

Action                     |  1- 3 |  4- 6 || total
---------------------------+-------+-------++-------
  Melee: Quarterstaff      |   113 |    29 ||   142
    Use: Scroll            |       |     1 ||     1
 Armour: Scale mail        |   101 |     5 ||   106
         Chain mail        |       |     6 ||     6
  Dodge: Dodged            |    46 |    11 ||    57
  Block: Buckler           |    42 |     2 ||    44
         Kite shield       |       |     9 ||     9

Table legend: (Time is in decaauts)
 A = Elapsed time spent in this place.
 B = Non-inter-level travel time spent in this place.
 C = Inter-level travel time spent in this place.
 D = Time resting spent in this place.
 E = Time spent auto-exploring this place.
 F = Levels seen in this place.
 G = Mean time per level.
                   A        B        C        D        E       F      G
               +--------+--------+--------+--------+--------+-----+--------+
         Total |   1606 |   1528 |     78 |      0 |   1137 |   3 |  535.3 |
       Dungeon |   1606 |   1528 |     78 |      0 |   1137 |   3 |  535.3 |
               +--------+--------+--------+--------+--------+-----+--------+

Top non-repeatable levels by time:
     D:1: 889 daAuts
     D:2: 557 daAuts
     D:3: 159 daAuts
